 Dungeon Crawl Stone Soup version 0.28-a0-1206-g193881aaa2 (webtiles) character file.

Game seed: 6412442861245348839

43 bearlyready the Cutter (level 3, 0/25 (34) HPs)
             Began as a Kobold Berserker on Dec 21, 2021.
             Was a Follower of Trog.
             Slain by Terence (2 damage)
             ... on level 2 of the Dungeon.
             The game lasted 00:01:41 (2268 turns).

bearlyready the Cutter (Kobold Berserker)           Turns: 2268, Time: 00:01:42

HP:   0/25 (34)     AC:  2    Str: 14    XL:     3   Next: 82%
MP:   3/3           EV: 15    Int:  8    God:    Trog [*.....]
Gold: 57            SH:  0    Dex: 16    Spells: 2/2 levels left

rFire   . . .      SeeInvis .   a - +0 short sword
rCold   . . .      Faith    .   (shield restricted)
rNeg    . . .      Spirit   .   b - +0 animal skin
rPois   .          Reflect  .   (no helmet)
rElec   .          Harm     .   (no cloak)
rCorr   .          Rampage  .   (no gloves)
Will    .....                   (no boots)
Stlth   ..........              (no amulet)
HPRegen 0.08/turn               (no ring)
MPRegen 0.08/turn               (no ring)

@: berserking, very heavily drained, very quick
A: small, no large weapons, nightstalker 3
a: Renounce Religion, Berserk


You were on level 2 of the Dungeon.
You worshipped Trog.
Trog was aware of your devotion.
You visited 1 branch of the dungeon, and saw 2 of its levels.

You collected 57 gold pieces.

Inventory:

Hand Weapons
 a - a +0 short sword (weapon)
Missiles
 g - 2 atropa-tipped darts (quivered)
Armour
 b - a +0 animal skin (worn)
Scrolls
 c - 2 scrolls of identify {unknown}
Potions
 d - a potion of haste {unknown}
 e - a potion of invisibility {unknown}
 f - a potion of flight {unknown}


   Skills:
 - Level 3.2 Fighting
 + Level 5.0 Short Blades
 + Level 0.5 Throwing
 - Level 1.5 Armour
 - Level 2.4 Dodging
 + Level 3.0 Stealth


You had 2 spell levels left.
You didn't know any spells.
Your spell library was empty.

Dungeon Overview and Level Annotations

Branches:
Dungeon (2/15)

Altars:

Shops:
D:1 (

Annotations:
D:2 Terence


Innate Abilities, Weirdness & Mutations

You are small and have problems with some larger weapons.
You are completely attuned to the shadows.


Message History

Terence is heavily wounded.
There is an open door here.
You see here a +0 spear.
Terence says, "Rest in peace."
Found a buckler.
There is a stone staircase leading up here.
You climb upwards.
There is a stone staircase leading down here.
You start resting.
HP restored.
You climb downwards.
Level annotation: Terence Terence hits you with a +3 short sword of draining.
You feel drained. Terence closely misses you.
There is a stone staircase leading up here.
A red film seems to cover your vision as you go berserk!
You feel yourself moving faster!
You feel mighty!
You can no longer call upon Trog for regeneration and willpower.
Terence misses you.
You hit Terence but do no damage. You hit Terence but do no damage.
Terence barely misses you.
You barely miss Terence. You hit Terence.
Terence is moderately wounded.
Terence hits you with a +3 short sword of draining!
You feel drained.
You hit Terence but do no damage.
Terence is moderately wounded.
Terence hits you with a +3 short sword of draining!
* * * LOW HITPOINT WARNING * * *
You feel drained.
* * * LOW HITPOINT WARNING * * *
You barely miss Terence.
Terence is moderately wounded.
You are too berserk!
Unknown command.
You closely miss Terence.
Terence is moderately wounded.
Terence hits you with a +3 short sword of draining.
You die...

......@.#....#
†.......#....#
.............#
#+#.#####....#
#.......#....######.#
#...###.#.........#.#
#...###...........[.
#.......#.##......#.#
#.........##....@...#
#.......####....@...#
#.......# #........#
.......## #.......#.
.#.....# #.#.#<..#
.#.....# #.#.....#
.#.....# #.#.....+
.......# #.##....#
.####### +......


You could see Terence.

Vanquished Creatures
  An adder (D:1)
  A dart slug (D:1)
  4 ball pythons (D:1)
  2 bats
  2 endoplasms
  3 giant cockroaches (D:1)
  2 goblins (D:1)
  6 hobgoblins
  2 quokkas (D:1)
  2 frilled lizards
  A kobold (D:1)
  2 rats (D:1)
28 creatures vanquished.

Notes
Turn   | Place    | Note
-------+----------+-------------------------------------------
     0 | D:1      | bearlyready the Kobold Berserker began the quest for the
                  | Orb.
     0 | D:1      | Reached XP level 1. HP: 14/14 MP: 1/1
    46 | D:1      | Reached skill level 1 in Stealth
   255 | D:1      | Found Kuxois's Antique Weapon Emporium.
   263 | D:1      | Reached XP level 2. HP: 14/19 MP: 2/2
  1126 | D:1      | Reached XP level 3. HP: 23/23 MP: 3/3
  1430 | D:1      | Reached ** piety under Trog
  1673 | D:1      | Reached skill level 5 in Short Blades
  2009 | D:2      | Noticed Terence
  2268 | D:2      | Slain by Terence

Illustrated notes

Levels and vault maps discovered:
D:1:      minmay_arrival_doors, layout_loops_ring, serial_shops, shop_fountains,
          grunt_decor_arrowhead
D:2:      layout_basic, shapermc_ecumenical_altar_hornbeckon, uniq_terence

Skill      XL: |  1  2  3 |
---------------+----------+-----
Stealth        | 1 2 3 |  3.0
Short Blades   | 5 |  5.0
Fighting       | |  3.2
Throwing       | |  0.5
Armour         | |  1.5
Dodging        | |  2.4

Action                   || total
-------------------------++-------
Melee: Short sword       ||   109
Throw: Dart              ||     3
Invok: Berserk           ||     2
 Stab: Sleeping          ||     8
Armor: Animal skin       ||    10
Dodge: Dodged            ||    77

Table legend: (Time is in decaauts)
 A = Elapsed time spent in this place.
 B = Non-inter-level travel time spent in this place.
 C = Inter-level travel time spent in this place.
 D = Time resting spent in this place.
 E = Time spent auto-exploring this place.
 F = Levels seen in this place.
 G = Mean time per level.
                   A        B        C        D        E       F      G
               +--------+--------+--------+--------+--------+-----+--------+
         Total |   2261 |   2244 |     17 |    341 |   1617 |   2 | 1130.5 |
       Dungeon |   2261 |   2244 |     17 |    341 |   1617 |   2 | 1130.5 |
               +--------+--------+--------+--------+--------+-----+--------+

Top non-repeatable levels by time:
     D:1: 2005 daAuts
     D:2: 255 daAuts
